 Dungeon Crawl Stone Soup version 0.20.1-1-g8b1a95d (webtiles) character file.

8052 JeffiDaFish the Basher (level 11, -28/66 HPs)
             Began as a Gargoyle Fighter on July 21, 2017.
             Was an Elder of Okawaru.
             Killed from afar by Fannar (29 damage)
             ... with a bolt of cold
             ... on level 1 of the Lair of Beasts.
             The game lasted 00:22:59 (9485 turns).

JeffiDaFish the Basher (Gargoyle Fighter)           Turns: 9485, Time: 00:22:59

Health: -28/66     AC: 35    Str: 19    XL:     11   Next: 24%
Magic:  12/12      EV:  6    Int: 13    God:    Okawaru [****..]
Gold:   109        SH: 18    Dex: 12    Spells: 10/10 levels left

rFire    . . .     SeeInvis .   i - +5 flail (protect)
rCold    . . .     Gourm    .   c - +0 shield
rNeg     + . .     Faith    .   x - +0 plate armour
rPois    ∞         Spirit   .   B - +2 helmet {Int+3}
rElec    +         Reflect  +   s - +0 cloak
rCorr    .         Harm     .   h - +0 pair of gloves
MR       +....                  m - +1 pair of boots
Stlth    ..........             j - +6 amulet of reflection
Regen    0.3/turn               y - ring of protection from magic
MPRegen  0.2/turn               (no ring)

@: protection aura, hasted, very quick
A: camouflage 1, high mp 1, negative energy resistance 1, electricity
resistance, unbreathing, petrification resistance, rot immunity, AC +7
a: Heroism, Renounce Religion


You were on level 1 of the Lair of Beasts.
You worshipped Okawaru.
Okawaru was greatly pleased with you.
You were not hungry.

You visited 3 branches of the dungeon, and saw 11 of its levels.
You also visited: Sewer.

You collected 274 gold pieces.
You spent 165 gold pieces at shops.

Inventory:

Hand Weapons
 i - a +5 flail of protection (weapon)
Armour
 c - a +0 shield (worn)
 h - a +0 pair of gloves (worn)
 m - a +1 pair of boots (worn)
 s - a +0 cloak (worn)
 x - a +0 plate armour (worn)
 B - a +2 helmet of intelligence (worn)
Jewellery
 a - an uncursed amulet of harm {unknown}
 j - a +6 amulet of reflection (around neck)
 r - an uncursed amulet of guardian spirit {unknown}
 y - a ring of protection from magic (left hand)
Wands
 d - a wand of acid (3/15)
Scrolls
 b - a scroll of identify
 k - 4 scrolls of remove curse
 n - 2 scrolls of teleportation
 t - 4 scrolls of amnesia
 C - a scroll of recharging
Potions
 g - 5 potions of magic
 o - a potion of flight
 q - a potion of brilliance
 v - 2 potions of might
 z - a potion of berserk rage
Comestibles
 f - 5 bread rations
 l - 2 meat rations
 p - 5 fruits
 A - 2 royal jellies


   Skills:
 + Level 6.7 Fighting
 + Level 11.2 Maces & Flails
 + Level 7.1 Armour
 + Level 2.9 Dodging
 + Level 0.5 Stealth
 + Level 11.0 Shields
 + Level 0.2 Invocations


You had 10 spell levels left.
You didn't know any spells.

Dungeon Overview and Level Annotations

Branches:
Dungeon (9/15)             Temple (1/1) D:7            Lair (1/6) D:8
    Orc (0/2) D:9

Altars:
Ashenzari
Cheibriados
Dithmenos
Elyvilon
Fedhas
Kikubaaqudgha
Makhleb
Nemelex Xobeh
Okawaru
Qazlal
Vehumet
Yredelemnul
Zin
The Shining One

Shops:
D:5 (   D:8 [:[(=

Annotations:
Lair:1 Fannar


Innate Abilities, Weirdness & Mutations

You are resistant to torment.
Your stone body is resilient. (AC +7)
You are immune to poison.
You resist negative energy. (rN+)
You are resistant to electric shocks. (rElec)
You can survive without breathing.
You are immune to petrification.
You are immune to rotting.
Your skin changes colour to match your surroundings (Stealth+).
You have an increased reservoir of magic. (+10% MP)


Message History

You closely miss Fannar.
Fannar is almost dead.
You block Fannar's attack. The ice beast hits you.
* * * LOW HITPOINT WARNING * * *
The ice beast freezes you!
* * * LOW HITPOINT WARNING * * *
You miss Fannar.
Fannar is almost dead.
You block the ice beast's attack. x2
You closely miss Fannar.
Fannar is almost dead.
Fannar hits you but does no damage. You block the ice beast's attack.
Your plate armour prevents you from hitting Fannar.
Fannar is almost dead.
You block the ice beast's attack. x2
You completely miss Fannar.
Fannar is almost dead.
Fannar points at you and mumbles some strange words.
The bolt of cold hits you!
You die...

#P.........#..
#............
#..........#
#.........# ###
#####..##P..#.###.####
..##.#.......##......#
#.......###.#.......#
#...###.###.....e...#
#..## ###.......@...#
#..# #......YYY..#
..## #...........# ..#
#...........# .##
#.##........## .#
#####........# ##
#P......## # ##......#
# ##..####


You could see Fannar and 3 ice beasts.

Vanquished Creatures
  2 two-headed ogres
  Joseph (D:8)
  Prince Ribbit (Lair:1)
  3 blink frogs (Lair:1)
  A hornet (D:8)
  2 hippogriffs (D:9)
  10 yaks (D:9)
  2 hungry ghosts
  Edmund (D:5)
  Duvessa (D:5)
  2 porcupines (Lair:1)
  An orc warrior (D:8)
  A sky beast (D:8)
  A necrophage (D:9)
  A black bear (D:9)
  3 ogres
  2 centaurs
  A big kobold (Sewer)
  Blork the orc (D:4)
  5 bullfrogs
  A scorpion (D:5)
  Dowan (D:5)
  A water moccasin skeleton (D:6)
  3 killer bees (D:8)
  2 howler monkeys
  A jelly (D:6)
  5 crimson imps
  2 quasits
  3 hounds
  2 bullfrog zombies
  5 orc priests
  A bullfrog skeleton (D:4)
  7 orc wizards
  Crazy Yiuf (D:5)
  A centaur skeleton (D:9)
  2 iguanas
  6 worker ants
  Robin (D:3)
  14 adders
  3 river rats (Sewer)
  2 shadow imps
  2 adder skeletons
  A worm (D:4)
  5 dart slugs
  7 leopard geckos
  22 orcs
  8 ball pythons
  3 giant cockroaches (D:6)
  8 hobgoblins
  7 jackals
  4 quokkas
  9 bats
  5 frilled lizards
  10 goblins
  9 kobolds
  9 rats
215 creatures vanquished.

Vanquished Creatures (others)
  A centaur (D:9)
  An orc (D:4)
  A kobold (Sewer)
3 creatures vanquished.

Grand Total: 218 creatures vanquished

Notes
Turn   | Place    | Note
-------+----------+-------------------------------------------
     0 | D:1      | JeffiDaFish the Gargoyle Fighter began the quest for the Orb.
     0 | D:1      | Reached XP level 1. HP: 14/14 MP: 1/1
   449 | D:1      | Reached XP level 2. HP: 18/19 MP: 2/2
   980 | D:1      | Reached XP level 3. HP: 21/23 MP: 3/3
  1090 | D:2      | Found a sparkling altar of Nemelex Xobeh.
  1481 | D:2      | Reached XP level 4. HP: 27/28 MP: 4/4
  1523 | D:2      | Gained mutation: Your skin changes colour to match your surroundings (Stealth+). [potion of mutation]
  1523 | D:2      | Gained mutation: You have an increased reservoir of magic. (+10% MP) [potion of mutation]
  1563 | D:2      | Found a shadowy altar of Dithmenos.
  1575 | D:2      | Found a snail-covered altar of Cheibriados.
  1862 | D:3      | Noticed Robin
  1882 | D:3      | Killed Robin
  2047 | D:3      | Reached XP level 5. HP: 32/32 MP: 5/5
  2262 | D:3      | Found a shattered altar of Ashenzari.
  2351 | D:3      | Found a sparkling altar of Nemelex Xobeh.
  2762 | D:4      | Noticed Blork the orc
  2771 | D:4      | Killed Blork the orc
  2771 | D:4      | Reached skill level 1 in Dodging
  2775 | D:4      | Reached XP level 6. HP: 28/37 MP: 6/6
  3425 | D:4      | Reached skill level 5 in Shields
  3427 | D:4      | Reached skill level 5 in Maces & Flails
  3648 | D:4      | Reached XP level 7. HP: 42/42 MP: 7/7
  3784 | D:4      | Identified the +0 ring mail of Okoeff {rC+++ Str+4 Int-5} (You found it on level 4 of the Dungeon)
  3969 | D:5      | Entered Level 5 of the Dungeon
  3994 | D:5      | Noticed Duvessa
  3995 | D:5      | Noticed Dowan
  4001 | D:5      | Killed Dowan
  4011 | D:5      | Killed Duvessa
  4172 | D:5      | Noticed Edmund
  4197 | D:5      | Killed Edmund
  4360 | D:5      | Found Vin Seud's Weapon Boutique.
  4378 | D:5      | Found a white marble altar of Elyvilon.
  4401 | D:5      | Reached XP level 8. HP: 47/48 MP: 8/8
  4763 | D:5      | Found a runed door.
  4767 | D:5      | Noticed Crazy Yiuf
  4769 | D:5      | Paralysed by Crazy Yiuf for 3 turns
  4772 | D:5      | Killed Crazy Yiuf
  5062 | D:6      | Reached skill level 5 in Armour
  5382 | D:6      | Found a glowing drain.
  5441 | Sewer    | Entered a sewer
  5636 | Sewer    | Reached XP level 9. HP: 52/52 MP: 9/9
  5780 | D:6      | Found a stormy altar of Qazlal.
  5780 | D:6      | Found a white marble altar of Elyvilon.
  6154 | D:7      | Found a staircase to the Ecumenical Temple.
  6218 | Temple   | Entered the Ecumenical Temple
  6259 | Temple   | Became a worshipper of Warmaster Okawaru
  6896 | D:8      | Noticed Joseph
  6926 | D:8      | Killed Joseph
  6926 | D:8      | Reached * piety under Okawaru
  6926 | D:8      | Reached skill level 5 in Fighting
  7180 | D:8      | Noticed a hornet
  7209 | D:8      | Killed a hornet
  7290 | D:8      | Found Tisirerr's Book Shop.
  7290 | D:8      | Found Puecu's Armour Emporium.
  7327 | D:8      | Found a staircase to the Lair.
  7365 | D:8      | Found Quur's Antique Armour Shoppe.
  7371 | D:8      | Bought a shiny helmet for 165 gold pieces
  7388 | D:8      | Noticed a two-headed ogre
  7400 | D:8      | Killed a two-headed ogre
  7400 | D:8      | Reached ** piety under Okawaru
  7400 | D:8      | Reached XP level 10. HP: 42/60 MP: 11/11
  7564 | D:8      | Found Ihimucvi's Weapon Boutique.
  7942 | D:8      | Found Ypiugesm's Jewellery Shop.
  8091 | D:9      | Reached skill level 10 in Maces & Flails
  8124 | D:9      | Found an iron altar of Okawaru.
  8132 | D:9      | Noticed a two-headed ogre
  8138 | D:9      | Killed a two-headed ogre
  8138 | D:9      | Reached *** piety under Okawaru
  8347 | D:9      | Reached skill level 10 in Shields
  8386 | D:9      | Reached **** piety under Okawaru
  8427 | D:9      | Found a staircase to the Orcish Mines.
  8567 | D:9      | Reached XP level 11. HP: 57/66 MP: 12/12
  9160 | Lair:1   | Entered Level 1 of the Lair of Beasts
  9161 | Lair:1   | Noticed Prince Ribbit
  9193 | Lair:1   | Killed Prince Ribbit
  9409 | Lair:1   | Noticed Fannar
  9476 | Lair:1   | HP: 3/66 [Fannar/bolt of cold (19)]
  9481 | Lair:1   | HP: 1/66 [ice beast[Fannar] (11)]
  9485 | Lair:1   | Killed from afar by Fannar

Skill      XL: |  1  2  3  4  5  6  7  8  9 10 11 |
---------------+----------------------------------+-----
Maces & Flails | 3 4 5 6 7 9 10 11 | 11.2
Shields        | 4 5 6 8 10 11 | 11.0
Dodging        | 1 2 |  2.9
Armour         | 4 5 6 7 |  7.1
Fighting       | 4 5 6 |  6.7
Stealth        | |  0.5
Invocations    | |  0.2

Action                   |  1- 3 |  4- 6 |  7- 9 | 10-12 || total
-------------------------+-------+-------+-------+-------++-------
Melee: Flail             |   106 |   205 |   416 |   308 ||  1035
Invok: Heroism           |       |       |       |     2 ||     2
  Use: Potion            |     5 |     4 |     2 |     5 ||    16
       Scroll            |     5 |     5 |     7 |     2 ||    19
  Eat: Chunk             |     2 |     7 |    13 |     9 ||    31
Armor: Scale mail        |    52 |    79 |    89 |       ||   220
       Plate armour      |       |       |    56 |   218 ||   274
Dodge: Dodged            |    32 |    59 |    68 |    54 ||   213
Block: Shield            |    61 |   166 |   312 |   359 ||   898
       Reflection        |       |     4 |    19 |     4 ||    27
